 Dungeon Crawl Stone Soup version 0.31-a0-1547-g618ab1f346 (webtiles) character file.

Game seed: 17714159680869342408

486 gohu the Chopper (level 6, -2/53 HPs)
             Began as a Minotaur Fighter on Jan 2, 2024.
             Slain by a gnoll bouda
             ... wielding a +0 club
              (9 damage)
             ... on level 4 of the Dungeon.
             The game lasted 00:06:58 (3205 turns).

gohu the Chopper (Minotaur Fighter)                 Turns: 3205, Time: 00:06:59

Health: -2/53      AC:  9    Str: 23    XL:     6   Next: 89%
Magic:  5/5        EV: 10    Int:  5    God:
Gold:   150        SH:  4    Dex:  9    Spells: 5/5 levels left

rFire   . . .        s - +0 broad axe
rCold   . . .        c - +0 buckler
rNeg    . . .        g - +2 scale mail {rPois}
rPois   +            (helmet restricted)
rElec   .            (no cloak)
rCorr   .            (no gloves)
SInv    .            (no boots)
Will    .....        (no amulet) Stlth
                     (no ring)
HPRegen 0.28/turn    (no ring)
MPRegen 0.09/turn

%: no passive effects
@: mighty, lit by a corona, glowing
A: horns 2, retaliatory headbutt
a: no special abilities


You were on level 4 of the Dungeon.
You visited 1 branch of the dungeon, and saw 5 of its levels.

You collected 150 gold pieces.

Inventory:

Hand Weapons
 a - a +0 war axe
 s - a +0 broad axe (weapon)
Armour
 b - a +0 scale mail
 c - a +0 buckler (worn)
 g - a +2 scale mail of poison resistance (worn)
 u - a +0 plate armour
Wands
 w - a wand of flame (7)
Scrolls
 e - 2 scrolls of revelation {unknown}
 f - a scroll of amnesia {unknown}
 h - 3 scrolls of immolation {unknown}
 i - a scroll of brand weapon {unknown}
 j - a scroll of poison {unknown}
 k - a scroll of teleportation {unknown}
 n - 4 scrolls of identify {unknown}
 q - a scroll of acquirement {unknown}
 t - a scroll of blinking {unknown}
Potions
 l - 2 potions of heal wounds {unknown}
 m - a potion of enlightenment {unknown}
 o - 2 potions of magic {unknown}
 p - a potion of mutation {unknown}
 r - 3 potions of degeneration {unknown}
 v - 2 potions of invisibility {unknown}


   Skills:
 + Level 4.5 Fighting
 * Level 7.2 Axes
 + Level 4.8 Armour
 + Level 1.1 Dodging
 + Level 4.6 Shields


You had 5 spell levels left.
You didn't know any spells.
Your spell library contained the following spells:

 Spells                   Type           Power      Damage    Failure   Level
 Apportation              Tloc           0%         N/A       83%         1
 Freeze                   Ice            0%         1d3       83%         1
 Necrotise                Necr           0%         1d4       83%         1
 Sting                    Conj/Alch      0%         1d3       83%         1
 Summon Small Mammal      Summ           0%         N/A       83%         1
 Confusing Touch          Hex            0%         N/A       99%         3
 Frozen Ramparts          Ice            0%         1d1       99%         3
 Hailstorm                Conj/Ice       0%         3d5       99%         3
 Fulminant Prism          Conj/Alch      0%         3d5       100%        4
 Olgreb's Toxic Radiance  Alch           0%         N/A       100%        4
 Discord                  Hex            0%         N/A       100%        8


Dungeon Overview and Level Annotations

Branches:
Dungeon (5/15)
 Temple: D:4-7

Altars:

Annotations:
D:4 Dowan, Duvessa


Innate Abilities, Weirdness & Mutations

You have a pair of horns on your head.
You reflexively headbutt those who attack you in melee.


Message History

The gnoll bouda is heavily wounded.
Dowan, Brother of Duvessa comes into view.
He is wielding a +0 dagger.
You block the gnoll bouda's attack. The gnoll barely misses you.
The gnoll bouda hits you with a +0 club.
Duvessa barely misses you.
Dowan shouts!
You hit the gnoll bouda. You headbutt the gnoll bouda.
The gnoll bouda is heavily wounded.
You barely miss Duvessa.
The gnoll hits you from afar with a +0 spear.
Duvessa hits you with a +0 short sword.
The gnoll bouda utters an invocation to its god.
The gnoll bouda is healed somewhat.
You closely miss the gnoll bouda. You headbutt the gnoll bouda.
The gnoll bouda is moderately wounded.
You barely miss Duvessa. The gnoll barely misses you.
Duvessa hits you but does no damage. You block the gnoll bouda's attack.
The gnoll hits you from afar with a +0 spear.
You slash the gnoll bouda!
The gnoll bouda is severely wounded.
You barely miss Duvessa.
The gnoll bouda hits you with a +0 club!
The gnoll barely misses you.
You are too injured to fight recklessly!
You are too injured to fight recklessly!
You feel very mighty all of a sudden. Duvessa hits you with a +0 short sword!
Dowan casts a spell at you.
You are outlined in light.
The gnoll bouda hits you but does no damage.
You block the gnoll's attack.
You hit Duvessa but do no damage. You headbutt Duvessa!
Duvessa is moderately wounded.
You closely miss the gnoll bouda. Duvessa hits you with a +0 short sword.
* * * LOW HITPOINT WARNING * * *
The gnoll bouda hits you with a +0 club.
* * * LOW HITPOINT WARNING * * *
The gnoll barely misses you.
The gnoll bouda hits you with a +0 club!
You die...

.. #... .... ##.... ....##
##...# #......####...# #
#............#
.####............# . .......#
#......e# ..
.......####......# ..#
...............e@## .g#
................g)### .g#
.................g..###g..#
...#....()...........)..g#
..##....)................#
.###.......................#
###..........................
##...........................
#........................##..


You could see Duvessa, Dowan, a gnoll bouda and a gnoll (swift).

Vanquished Creatures
  An orc warrior (D:4)
  A centaur (D:4)
  A vampire bat (D:3)
  4 adders
  6 gnolls
  A dart slug (D:1)
  3 fire bats (D:3)
  2 ribbon worms (D:2)
  4 orcs (D:4)
  2 spectral bats (D:3)
  3 bat skeletons (D:3)
  A bat zombie (D:3)
  10 endoplasms
  4 giant cockroaches
  4 goblins
  3 hobgoblins
  5 jackals
  7 kobolds
  7 quokkas
  8 ball pythons
  10 bats
  A bat simulacrum (D:3)
  6 frilled lizards (D:1)
  8 rats
102 creatures vanquished.

Notes
Turn   | Place    | Note
-------+----------+-------------------------------------------
     0 | D:1      | gohu the Minotaur Fighter began the quest for the Orb.
     0 | D:1      | Reached XP level 1. HP: 19/19 MP: 0/0
    85 | D:1      | Reached XP level 2. HP: 27/27 MP: 1/1
   269 | D:2      | Reached skill level 3 in Axes
   432 | D:1      | Reached XP level 3. HP: 33/33 MP: 2/2
   960 | D:2      | Reached skill level 4 in Axes
  1143 | D:2      | Got the Directory of Weird Transmutation
  1203 | D:2      | Reached XP level 4. HP: 40/40 MP: 3/3
  1766 | D:3      | Reached skill level 5 in Axes
  1981 | D:3      | Identified the +5 dagger of Honour {heavy, Str+8}
  2109 | D:4      | Noticed a centaur
  2382 | D:3      | Reached XP level 5. HP: 46/46 MP: 4/4
  2423 | D:3      | Reached skill level 6 in Axes
  2585 | D:4      | Noticed an orc warrior
  2602 | D:4      | Killed an orc warrior
  2603 | D:4      | Reached XP level 6. HP: 30/53 MP: 5/5
  2786 | D:5      | Entered Level 5 of the Dungeon
  2991 | D:4      | Reached skill level 7 in Axes
  2991 | D:4      | Reached skill level 1 in Dodging
  3196 | D:4      | Noticed Duvessa
  3200 | D:4      | Noticed Dowan
  3205 | D:4      | Slain by a gnoll bouda

Illustrated notes

Levels and vault maps discovered:
D:1:      sevenhm_arrival_forest_fort_large_2, layout_basic
D:2:      layout_loops_ring, kennysheep_crisscross
D:3:      layout_loops_cross, goddamned_bats
D:4:      layout_layer_cave, minmay_misc_feat_doors, serial_bayou_pond_e,
          uniq_duvessa
D:5:      layout_basic, serial_rivers, chequers_serial_rivers_micro_a,
          chequers_serial_rivers_large_a, chequers_serial_rivers_marsh,
          chequers_serial_rivers_marsh, chequers_serial_rivers_micro_a,
          abandoned_shop

Skill      XL: |  1  2  3  4  5  6 |
---------------+-------------------+-----
Axes           | 3 4 5 6 7 |  7.2
Fighting       | 4 |  4.5
Shields        | 4 |  4.6
Armour         | 4 |  4.8
Dodging        | 1 |  1.1

Action                     |  1- 3 |  4- 6 || total
---------------------------+-------+-------++-------
  Melee: War axe           |    75 |    36 ||   111
         Headbutt          |     3 |    24 ||    27
         Broad axe         |       |   105 ||   105
    Use: Potion            |       |     1 ||     1
 Armour: Scale mail        |    43 |   130 ||   173
  Dodge: Dodged            |    30 |    91 ||   121
  Block: Buckler           |    20 |    57 ||    77

Table legend: (Time is in decaauts)
 A = Elapsed time spent in this place.
 B = Non-inter-level travel time spent in this place.
 C = Inter-level travel time spent in this place.
 D = Time resting spent in this place.
 E = Time spent auto-exploring this place.
 F = Levels seen in this place.
 G = Mean time per level.
                   A        B        C        D        E       F      G
               +--------+--------+--------+--------+--------+-----+--------+
         Total |   3283 |   3129 |    154 |      0 |   2366 |   5 |  656.6 |
       Dungeon |   3283 |   3129 |    154 |      0 |   2366 |   5 |  656.6 |
               +--------+--------+--------+--------+--------+-----+--------+

Top non-repeatable levels by time:
     D:1: 911 daAuts
     D:3: 906 daAuts
     D:2: 793 daAuts
     D:4: 656 daAuts
     D:5: 15 daAuts
